 Dungeon Crawl Stone Soup version 0.21.1-1-g345015fe64 (webtiles) character file.

223 DildoBatman the Sneak (level 6, -2/47 HPs)
             Began as a Formicid Enchanter on Mar 28, 2018.
             Slain by a centaur (5 damage)
             ... on level 5 of the Dungeon.
             The game lasted 00:12:04 (4180 turns).

DildoBatman the Sneak (Formicid Enchanter)          Turns: 4180, Time: 00:12:04

Health: -2/47      AC:  5    Str: 15    XL:     6   Next: 20%
Magic:  6/9        EV: 11    Int: 14    God:
Gold:   98         SH:  4    Dex: 11    Spells: 3/9 levels left

rFire    . . .     SeeInvis +   b - +0 flail
rCold    . . .     Gourm    .   i - +0 buckler
rNeg     . . .     Faith    .   y - +0 ring mail (curse)
rPois    .         Spirit   .   (helmet unavailable)
rElec    .         Reflect  .   (no cloak)
rCorr    +         Harm     .   (no gloves)
MR       .....                  (no boots)
Stlth    ++........             (no amulet)
HPRegen  0.15/turn              q - ring of resist corrosion
MPRegen  0.11/turn              (no ring)

@: no status effects
A: permanent stasis, dig shafts and tunnels, four strong arms, antennae 3
a: Dig, Shaft Self


You were on level 5 of the Dungeon.
You were hungry.

You visited 1 branch of the dungeon, and saw 5 of its levels.

You collected 98 gold pieces.

Inventory:

Hand Weapons
 a - a +1 dagger
 b - a +0 flail (weapon)
Missiles
 e - 10 bolts
 k - 131 stones (quivered)
 w - 42 arrows
Armour
 i - a +0 buckler (worn)
 y - a cursed +0 ring mail (worn)
Jewellery
 q - a ring of resist corrosion (left hand)
Scrolls
 g - 2 scrolls of remove curse
 l - a scroll of identify
 o - a scroll of blinking {unknown}
 r - 2 scrolls of amnesia
 u - a scroll of fear {unknown}
Potions
 f - a potion of magic {unknown}
 h - 2 potions of ambrosia {unknown}
 j - a potion of agility {unknown}
 m - 2 potions of heal wounds {unknown}
 p - 2 potions of flight {unknown}
 s - 5 potions of curing {unknown}
Books
 c - a book of Maledictions

   Spells                             Type                      Level
   a - Corona                         Hexes                        1
   b - Ensorcelled Hibernation        Hexes/Ice                    2
   c - Confuse                        Hexes                        3
   d - Tukima's Dance                 Hexes                        3
   e - Dazzling Spray                 Conjuration/Hexes            3
 x - a book of Minor Magic

   Spells                             Type                      Level
   a - Magic Dart                     Conjuration                  1
   b - Blink                          Translocation                2
   c - Call Imp                       Summoning                    2
   d - Slow                           Hexes                        2
   e - Conjure Flame                  Conjuration/Fire             3
   f - Mephitic Cloud                 Conjuration/Poison/Air       3
Comestibles
 v - 7 rations


   Skills:
 * Level 3.4 Fighting
 - Level 1.0 Short Blades
 - Level 3.0 Armour
 - Level 2.0 Dodging
 - Level 4.0 Stealth
 - Level 3.2 Shields
 - Level 2.1 Spellcasting
 - Level 3.6 Hexes


You had 3 spell levels left.
You knew the following spells:

 Your Spells              Type           Power        Failure   Level  Hunger
a - Corona                Hex            ##.....      10%         1    #......
b - Confuse               Hex            ##......     30%         3    ###....
c - Slow                  Hex            ##......     16%         2    ###....


Dungeon Overview and Level Annotations

Branches:
Dungeon (5/15)
 Temple: D:4-7

Altars:
Dithmenos

Annotations:
D:4 Blork the orc


Innate Abilities, Weirdness & Mutations

You cannot be hasted, slowed, berserked, paralysed or teleported.
You can dig through walls and to a lower floor.
Your four strong arms can wield two-handed weapons with a shield.
You have a pair of large antennae on your head. (SInv)


Message History

You block the centaur's attack.
Casting: Corona
Confirm with . or Enter, or press ? or * to list all spells.
Aiming: Corona
Press: ? - help, Shift-Dir - straight line, f - centaur
Aim: a centaur (chance to defeat MR: 47%)
The centaur resists with significant effort.
The centaur hits you!
Casting: Corona
Confirm with . or Enter, or press ? or * to list all spells.
Aiming: Corona
Press: ? - help, Shift-Dir - straight line, f/p - centaur
Aim: a centaur (chance to defeat MR: 47%)
The centaur is outlined in light.
The centaur closely misses you. The centaur hits you.
You sock the centaur!
The centaur is moderately wounded.
The centaur hits you. x2
You die...

### ##[## ###
######.#.###(#
#.....###{#@##
#..##.## ##c##
##{..########### .
##.....##........
S...#....{{.#........
........._............
..>..#.......#(######
...####...{.##..## #
## ##...####.(# .#


You could see a centaur.

Vanquished Creatures
  A hound (D:5)
  An orc wizard (D:1)
  A worker ant (D:5)
  A gnoll (D:3)
  5 adders
  An adder skeleton (D:5)
  3 worms
  2 dart slugs
  A leopard gecko (D:1)
  9 orcs
  13 bats
  5 giant cockroaches
  4 goblins
  5 hobgoblins
  A ball python (D:2)
  3 frilled lizards
  10 kobolds
  11 rats
77 creatures vanquished.

Notes
Turn   | Place    | Note
-------+----------+-------------------------------------------
     0 | D:1      | DildoBatman the Formicid Enchanter began the quest for the Orb.
     0 | D:1      | Reached XP level 1. HP: 13/13 MP: 3/3
   248 | D:1      | Reached skill level 1 in Fighting
   278 | D:1      | Reached XP level 2. HP: 4/22 MP: 1/5
  1021 | D:1      | Reached XP level 3. HP: 17/28 MP: 4/6
  1026 | D:1      | Learned a level 3 spell: Confuse
  1728 | D:1      | Reached XP level 4. HP: 16/35 MP: 4/7
  1905 | D:2      | Reached skill level 1 in Shields
  1949 | D:2      | Reached skill level 1 in Armour
  2069 | D:2      | Reached skill level 4 in Stealth
  2596 | D:3      | Reached XP level 5. HP: 35/41 MP: 8/8
  2979 | D:3      | Learned a level 2 spell: Slow
  3313 | D:4      | Noticed Blork the orc
  3465 | D:5      | Entered Level 5 of the Dungeon
  3780 | D:5      | Reached XP level 6. HP: 37/47 MP: 6/9
  4030 | D:5      | Found a shadowy altar of Dithmenos.
  4180 | D:5      | Slain by a centaur

Skill      XL: |  1  2  3  4  5 |
---------------+----------------+-----
Fighting       | 1 2 3 |  3.4
Dodging        | 2 |  2.0
Shields        | 1 3 |  3.2
Armour         | 1 3 |  3.0
Stealth        | 4 |  4.0
Short Blades   | |  1.0
Spellcasting   | |  2.1
Hexes          | |  3.6

Action                   |  1- 3 |  4- 6 || total
-------------------------+-------+-------++-------
Melee: Dagger            |   188 |   203 ||   391
       Flail             |       |    70 ||    70
Throw: Stone             |       |     2 ||     2
 Cast: Corona            |    33 |    59 ||    92
 Abil: Dig               |       |     5 ||     5
  Use: Scroll            |       |     5 ||     5
 Stab: Sleeping          |     1 |     1 ||     2
  Eat: Chunk             |     3 |    10 ||    13
Armor: Robe              |    57 |       ||    57
       Ring mail         |    38 |   102 ||   140
Dodge: Dodged            |   139 |   140 ||   279
Block: Buckler           |       |    60 ||    60
